 Dungeon Crawl Stone Soup version 0.23.2 (webtiles) character file.

Game seed: 5690403179377216020

206 Borgoz the Skirmisher (level 5, 0/33 HPs)
             Began as a Gargoyle Fighter on Mar 31, 2019.
             Slain by a gnoll
             ... wielding a +0 spear
              (2 damage)
             ... on level 4 of the Dungeon.
             The game lasted 00:05:03 (2884 turns).

Borgoz the Skirmisher (Gargoyle Fighter)            Turns: 2884, Time: 00:05:03

Health: 0/33       AC: 11    Str: 25    XL:     5   Next: 84%
Magic:  5/5        EV: 11    Int: 13    God:
Gold:   104        SH:  0    Dex: 10    Spells: 4/4 levels left

rFire    + . .     SeeInvis .   a - +3 rapier
rCold    . . .     Gourm    .   (no shield)
rNeg     + . .     Faith    .   n - +2 ring mail {rF+}
rPois    ∞         Spirit   .   (no helmet)
rElec    +         Reflect  .   (no cloak)
rCorr    .         Harm     .   (no gloves)
MR       .....                  (no boots)
Stlth    +.........             (no amulet)
HPRegen  0.11/turn              (no ring)
MPRegen  0.09/turn              (no ring)

@: mighty, brilliant
A: negative energy resistance 1, electricity resistance, unbreathing,
petrification resistance, rot immunity, AC +4
a: no special abilities


You were on level 4 of the Dungeon.
You were very hungry.

You visited 1 branch of the dungeon, and saw 4 of its levels.

You collected 104 gold pieces.

Inventory:

Hand Weapons
 a - a +3 rapier (weapon)
Armour
 c - a +0 shield
 n - a +2 ring mail of fire resistance (worn)
Jewellery
 l - an uncursed ring of resist corrosion
 m - an uncursed ring of poison resistance {unknown}
Wands
 o - a wand of polymorph (9)
 s - a wand of disintegration (16)
Scrolls
 b - 4 scrolls of fear
 e - 3 scrolls of identify
 h - a scroll of immolation
 j - 3 scrolls of remove curse
 k - a scroll of blinking
 q - a scroll of enchant armour {unknown}
 t - a scroll of amnesia {unknown}
Potions
 i - a potion of flight
 r - a potion of magic {unknown}
Comestibles
 f - 5 rations


   Skills:
 + Level 4.0 Fighting
 * Level 3.0 Short Blades
 + Level 3.9 Armour
 * Level 2.0 Dodging
 + Level 1.9 Stealth
 + Level 3.8 Shields


You had 4 spell levels left.
You didn't know any spells.
Your spell library contained the following spells:

 Spells                   Type           Power        Failure   Level  Hunger
 Beastly Appendage        Tmut           #.....       5%          1    ##.....
 Sticks to Snakes         Tmut           #.......     8%          2    ###....
 Spider Form              Tmut/Pois      #.........   14%         3    ####...
 Ice Form                 Ice/Tmut       #.......     38%         4    #####..
 Blade Hands              Tmut           #.........   69%         5    ######.


Dungeon Overview and Level Annotations

Branches:
Dungeon (4/15)
 Temple: D:4-7

Altars:
Nemelex Xobeh
Wu Jian

Annotations:
D:2 1 transporter


Innate Abilities, Weirdness & Mutations

You are resistant to torment.
Your stone body is resilient. (AC +4)
You are immune to poison.
You resist negative energy. (rN+)
You are resistant to electric shocks. (rElec)
You can survive without breathing.
You are immune to petrification.
You are immune to rotting.


Message History

You feel better.
The gnoll sergeant hits you with a +3 spear of piercing.
The gnoll closely misses you. The gnoll hits you but does no damage.
You hit the gnoll sergeant but do no damage.
The gnoll sergeant is severely wounded.
The gnoll sergeant closely misses you.
The gnoll hits you but does no damage. x2
A leopard gecko skeleton comes into view.
You puncture the gnoll sergeant!
You kill the gnoll sergeant!
Your Fighting skill increases to level 4!
Your Short Blades skill increases to level 3!
Your Dodging skill increases to level 2!
The gnoll hits you but does no damage.
The gnoll hits you from afar with a +0 spear!
* * * LOW HITPOINT WARNING * * *
It was a potion of brilliance.
You feel clever all of a sudden. The gnoll completely misses you.
The gnoll hits you from afar with a +0 spear.
You die... #. #. #Z #g #g## gg#

#)#
#@#
#.##
#..#
##.#
#.##
#..#
##.#
#.#
#.#


You could see 4 gnolls and a leopard gecko skeleton.

Vanquished Creatures
  A gnoll sergeant (D:4)
  Terence (D:2)
  A gnoll (D:4)
  5 adders
  2 oozes
  A worm (D:3)
  3 leopard geckos
  A ball python (D:2)
  8 bats
  A giant cockroach (D:1)
  13 goblins
  2 hobgoblins
  5 frilled lizards
  6 kobolds
  8 rats
58 creatures vanquished.

Notes
Turn   | Place    | Note
-------+----------+-------------------------------------------
     0 | D:1      | Borgoz the Gargoyle Fighter began the quest for the Orb.
     0 | D:1      | Reached XP level 1. HP: 14/14 MP: 1/1
   204 | D:1      | Reached XP level 2. HP: 16/19 MP: 2/2
   303 | D:1      | Found a sparkling altar of Nemelex Xobeh.
   720 | D:1      | Reached XP level 3. HP: 22/23 MP: 3/3
  1114 | D:2      | Reached skill level 1 in Dodging
  1265 | D:2      | Noticed Terence
  1308 | D:2      | Killed Terence
  1308 | D:2      | Reached skill level 1 in Stealth
  1308 | D:2      | Reached XP level 4. HP: 7/28 MP: 4/4
  1611 | D:2      | Found a sparkling altar of Nemelex Xobeh.
  1611 | D:2      | Found a transporter.
  1612 | D:2      | Noticed a sky beast
  2331 | D:3      | Found an ornate altar of the Wu Jian Council.
  2346 | D:3      | Reached XP level 5. HP: 33/33 MP: 5/5
  2880 | D:4      | HP: 1/33 [gnoll/+0 spear (1)]
  2883 | D:4      | Reached skill level 4 in Fighting
  2884 | D:4      | Slain by a gnoll

Skill      XL: |  1  2  3  4  5 |
---------------+----------------+-----
Short Blades   | 2 3 |  3.0
Dodging        | 1 2 |  2.0
Stealth        | 1 |  1.9
Fighting       | 4 |  4.0
Armour         | |  3.9
Shields        | |  3.8

Action                   |  1- 3 |  4- 6 || total
-------------------------+-------+-------++-------
Melee: Rapier            |   126 |   105 ||   231
  Use: Scroll            |       |    10 ||    10
       Potion            |       |     3 ||     3
  Eat: Chunk             |       |     2 ||     2
       Ration            |       |     1 ||     1
Armor: Scale mail        |    57 |       ||    57
       Ring mail         |    29 |    59 ||    88
Dodge: Dodged            |    68 |    65 ||   133
